 Dungeon Crawl Stone Soup version 0.30-a0-920-g7493c07aab (webtiles) character file.

Game seed: 6329960716461013476

70 Newt the Shooter (level 4, -8/30 HPs)
             Began as a Kobold Hunter on Mar 21, 2023.
             Killed by divine providence
             ... invoked by an orc priest
              (14 damage)
             ... on level 3 of the Dungeon.
             The game lasted 00:00:59 (1348 turns).

Newt the Shooter (Kobold Hunter)                    Turns: 1348, Time: 00:01:00

Health: -8/30      AC:  3    Str:  8    XL:     4   Next: 44%
Magic:  4/4        EV: 14    Int: 10    God:
Gold:   57         SH:  0    Dex: 20    Spells: 3/3 levels left

rFire   . . .      SeeInvis .    a - +0 shortbow
rCold   . . .      Faith    .    (shield currently unavailable)
rNeg    . . .      Spirit   .    c - +0 leather armour
rPois   .          Reflect  .    (no helmet)
rElec   .          Rampage  .    (no cloak)
rCorr   .                        (no gloves)
Will    .....                    (no boots)
Stlth   +++                      (no amulet)
HPRegen 0.25/turn                (no ring)
MPRegen 0.09/turn                (no ring)

@: no status effects
A: small, no large weapons, nightstalker 3
a: no special abilities


You were on level 3 of the Dungeon.
You visited 1 branch of the dungeon, and saw 3 of its levels.

You collected 57 gold pieces.

Inventory:

Hand Weapons
 a - a +0 shortbow (weapon)
Armour
 c - a +0 leather armour (worn)
Scrolls
 b - 2 scrolls of immolation
 g - a scroll of teleportation
 h - a scroll of fear
 i - a scroll of fog
Potions
 e - a potion of brilliance
 j - a potion of lignification
 k - a potion of haste {unknown}


   Skills:
 + Level 4.8 Fighting
 - Level 5.3 Ranged Weapons
 - Level 2.4 Dodging
 - Level 1.3 Stealth


You had 3 spell levels left.
You didn't know any spells.
Your spell library was empty.

Dungeon Overview and Level Annotations

Branches:
Dungeon (2/15)

Altars:


Innate Abilities, Weirdness & Mutations

You are small and have problems with some larger weapons.
You are completely attuned to the shadows.


Message History

Something hits you. Something hits you but does no damage.
You shoot an arrow.
Reactivating autopickup.
You feel a bit more experienced.
You have reached level 4!
You shoot an arrow.
The arrow completely misses the orc priest.
The arrow hits the bullfrog.
The bullfrog is moderately wounded.
The orc priest hits you but does no damage.
The orc priest invokes the aid of Beogh against you.
Pain shoots through your body!
* * * LOW HITPOINT WARNING * * *
You shoot an arrow. The arrow hits the orc priest.
The orc priest is moderately wounded.
The orc priest barely misses you.
Unknown command.
You shoot an arrow. The arrow barely misses the orc priest.
The arrow hits the bullfrog but does no damage.
The bullfrog is moderately wounded.
The orc priest hits you with a +0 hand axe.
* * * LOW HITPOINT WARNING * * *
Unknown command.
You shoot an arrow. The arrow hits the orc priest!
The orc priest is almost dead.
The orc priest completely misses you.
Unknown command.
You shoot an arrow.
The arrow hits the orc priest but does no damage.
The orc priest is almost dead.
The orc priest barely misses you.
Unknown command.
You shoot an arrow.
The arrow hits the orc priest but does no damage.
The orc priest is almost dead.
The orc priest hits you with a +0 hand axe.
* * * LOW HITPOINT WARNING * * *
The orc priest calls down the wrath of Beogh upon you.
Beogh smites you!
You die...

#### #o. #F#
#o# #@# #.#
#.# #.#
#.#.# #.#.#
####.#.####
...........
###....#####


You could see a bullfrog, an orc priest and an orc.

Vanquished Creatures
  An orc wizard (D:3)
  2 adders
  2 orcs (D:3)
  5 ball pythons (D:1)
  A bat (D:1)
  An endoplasm (D:3)
  A giant cockroach (D:1)
  2 goblins (D:1)
  3 hobgoblins (D:1)
  3 kobolds (D:1)
  A quokka (D:1)
  3 rats
25 creatures vanquished.

Notes
Turn   | Place    | Note
-------+----------+-------------------------------------------
     0 | D:1      | Newt the Kobold Hunter began the quest for the Orb.
     0 | D:1      | Reached XP level 1. HP: 12/12 MP: 1/1
   226 | D:1      | Reached XP level 2. HP: 18/18 MP: 2/2
   900 | D:1      | Reached XP level 3. HP: 23/23 MP: 3/3
  1112 | D:2      | You fall into a shaft and drop 1 floor!
  1336 | D:3      | Noticed a bullfrog
  1343 | D:3      | Reached XP level 4. HP: 22/30 MP: 4/4
  1348 | D:3      | Killed from afar by an orc priest

Illustrated notes

Levels and vault maps discovered:
D:1:      dpeg_arrival_renting, layout_basic, minmay_misc_feat_diagonals
D:2:      layout_basic, serial_shops, nicolae_shop_stone,
          hellmonk_ecumenical_altar_pennies_from_heaven, uniq_natasha
D:3:      minmay_bubble_buster, layout_basic, cheibrodos_sewer_entry_bend,
          minmay_misc_feat_rugged, minivault_24

Skill      XL: |  1  2  3 |
---------------+----------+-----
Fighting       | 3 4 |  4.8
Ranged Weapons | |  5.3
Dodging        | |  2.4
Stealth        | |  1.3

Action                     |  1- 3 |  4- 6 || total
---------------------------+-------+-------++-------
  Melee: Shortbow          |     1 |       ||     1
   Fire: Shortbow          |    61 |     6 ||    67
    Use: Scroll            |     5 |       ||     5
         Potion            |     2 |       ||     2
 Armour: Leather armour    |     7 |     1 ||     8
  Dodge: Dodged            |    20 |     3 ||    23

Table legend: (Time is in decaauts)
 A = Elapsed time spent in this place.
 B = Non-inter-level travel time spent in this place.
 C = Inter-level travel time spent in this place.
 D = Time resting spent in this place.
 E = Time spent auto-exploring this place.
 F = Levels seen in this place.
 G = Mean time per level.
                   A        B        C        D        E       F      G
               +--------+--------+--------+--------+--------+-----+--------+
         Total |   1366 |   1349 |     17 |      0 |   1195 |   3 |  455.3 |
       Dungeon |   1366 |   1349 |     17 |      0 |   1195 |   3 |  455.3 |
               +--------+--------+--------+--------+--------+-----+--------+

Top non-repeatable levels by time:
     D:1: 1003 daAuts
     D:3: 243 daAuts
     D:2: 119 daAuts
